 Dungeon Crawl Stone Soup version 0.18-a0-1692-g516f9e9 (webtiles) character file.

650 dohliylev the Shield-Bearer (level 7, 0/44 HPs)
             Began as a Gargoyle Fighter on Apr 5, 2016.
             Slain by an ogre
             ... wielding a +0 giant club
              (14 damage)
             ... on level 4 of the Dungeon.
             The game lasted 00:14:39 (3654 turns).

dohliylev the Shield-Bearer (Gargoyle Fighter)      Turns: 3654, Time: 00:14:40

Health: 0/44       AC: 13    Str: 22    XL:     7   Next: 53%
Magic:  7/7        EV:  8    Int: 13    God:
Gold:   203        SH: 10    Dex:  9    Spells: 0 memorised, 6 levels left

rFire  . . .     SeeInvis .     a - +0 flail
rCold  . . .     Gourm    .     b - +0 scale mail
rNeg   + . .     Faith    .     c - +0 shield
rPois  ∞         Spirit   .     (no helmet)
rElec  +         Dismiss  .     (no cloak)
rCorr  +         Reflect  .     (no gloves)
SustAt .         Harm     .     q - +0 pair of boots
MR     .....                    w - amulet of regeneration
Stlth  ..........               l - +5 ring of intelligence
                                i - ring of resist corrosion

@: not resistant to hostile enchantments, extremely unstealthy
A: negative energy resistance 1, electricity resistance, unbreathing,
petrification resistance, rot immunity, AC +4
a: no special abilities


You were on level 4 of the Dungeon.
You were not hungry.

You visited 1 branch of the dungeon, and saw 5 of its levels.
You also visited: Sewer.

You collected 203 gold pieces.

Inventory:

Hand Weapons
 a - a +0 flail (weapon)
Armour
 b - a +0 scale mail (worn)
 c - a +0 shield (worn)
 q - a +0 pair of boots (worn)
Jewellery
 i - a ring of resist corrosion (left hand)
 k - an uncursed ring of ice
 l - a +5 ring of intelligence (right hand)
 w - an amulet of regeneration (around neck)
 x - an uncursed ring of resist corrosion
Wands
 t - a wand of disintegration (13/24)
Scrolls
 e - 5 scrolls of remove curse {unknown}
 g - 5 scrolls of identify {unknown}
 m - 3 scrolls of blinking {unknown}
 o - 2 scrolls of teleportation {unknown}
 r - 2 scrolls of recharging {unknown}
 u - 2 scrolls of enchant weapon {unknown}
 y - 2 scrolls of random uselessness {unknown}
Potions
 d - 3 potions of might
 h - a potion of ambrosia {unknown}
 n - a potion of mutation {unknown}
 p - a potion of agility {unknown}
 s - a potion of curing {unknown}
 B - a potion of flight {unknown}
 C - a potion of cure mutation {unknown}
Comestibles
 f - 3 bread rations
 j - a beef jerky
 v - 3 chunks of flesh
 z - a slice of pizza
 A - 2 meat rations
 D - 3 fruits


   Skills:
 + Level 4.5 Fighting
 + Level 4.3 Maces & Flails
 + Level 4.8 Armour
 + Level 2.4 Dodging
 + Level 5.5 Shields


You had 6 spell levels left.
You didn't know any spells.

Dungeon Overview and Level Annotations

Branches:
Dungeon (5/15)
 Temple: D:4-7

Altars:
Pakellas

Shops:
D:4 ?


Innate Abilities, Weirdness & Mutations

You are resistant to torment.
Your stone body is resilient (AC +4).
You are immune to poison.
You resist negative energy.
You are resistant to electric shocks.
You can survive without breathing.
You are immune to petrification.
You are immune to rotting.


Message History

The hound is heavily wounded.
The hound bites you but does no damage. The ogre barely misses you.
You block the hound's attack.
You thump the hound!
You kill the hound!
You block the ogre's attack.
You see here a hound corpse.
You butcher the hound corpse.
The ogre hits you with a giant club.
Things that are here:
3 chunks of flesh; a hound skeleton Your shield prevents you from hitting the ogre.
You block the ogre's attack.
You hit the ogre.
The ogre is lightly wounded.
The ogre hits you with a giant club!
* * * LOW HITPOINT WARNING * * *
You hit the ogre.
The ogre is lightly wounded.
The ogre hits you with a giant club!
You die...

....## #.....##.# #.#
##########..#.##.###.# ##########
............#......<.###.........
##########.##.#####..##...##.....
##########.##.# #........#.####
...........##.# #...<......# #
#############.# #........### # #
#.#####..##...## # #
#...@O..####.######## # #########
#......... # ########## #


You could see an ogre.

Vanquished Creatures
  The ghost of Aksel the Chopper, an amateur HOFi (D:3)
  An ogre (D:4)
  A crocodile (Sewer)
  A scorpion (D:4)
  3 hounds (D:4)
  4 gnolls (D:2)
  13 adders
  An ooze (D:3)
  2 worms (D:2)
  2 dart slugs (D:2)
  3 giant geckos
  3 orcs
  10 bats
  7 giant cockroaches
  7 goblins
  12 hobgoblins
  8 jackals
  5 quokkas
  7 giant newts
  10 kobolds
  A quokka skeleton (D:4)
  4 rats
106 creatures vanquished.

Vanquished Creatures (others)
  A fire dragon (D:4)
  A bush (D:4)
2 creatures vanquished.

Grand Total: 108 creatures vanquished

Notes
Turn   | Place    | Note
--------------------------------------------------------------
     0 | D:1      | dohliylev the Gargoyle Fighter began the quest for the Orb.
     0 | D:1      | Reached XP level 1. HP: 14/14 MP: 1/1
   174 | D:1      | Reached XP level 2. HP: 19/19 MP: 2/2
   686 | D:1      | Reached XP level 3. HP: 23/23 MP: 3/3
   894 | D:2      | Reached skill level 1 in Dodging
   894 | D:2      | Reached skill level 4 in Shields
   894 | D:2      | Reached XP level 4. HP: 14/29 MP: 4/4
  1226 | D:2      | Reached XP level 5. HP: 31/33 MP: 5/5
  1958 | D:3      | Noticed Aksel's ghost (amateur HOFi)
  1985 | D:3      | Killed Aksel's ghost
  1985 | D:3      | Reached XP level 6. HP: 16/38 MP: 6/6
  2693 | D:4      | Found an oddly glowing altar of Pakellas.
  2694 | D:4      | Noticed a fire dragon
  2708 | D:4      | Killed a fire dragon
  2835 | D:4      | Reached skill level 5 in Shields
  2837 | D:4      | Found a glowing drain.
  2876 | Sewer    | Entered a sewer
  3008 | Sewer    | Reached XP level 7. HP: 16/44 MP: 7/7
  3376 | D:4      | Found Wapteiga's Magic Scroll Emporium.
  3640 | D:5      | Entered Level 5 of the Dungeon
  3654 | D:4      | Slain by an ogre

Vault maps used:
D:1:      elethiomel_arrival_maze
D:2:      item_on_display_a
D:3:      supply_closet_lemuel, st_stairs_14, nrook_uturn
D:4:      serial_shops, shop, gup_sewer_entry_glass,
          gammafunk_pakellas_spire_experiment
D:5:      marbit_many_paths, first_bread, minmay_misc_feat_tiny
Sewer:    sewer_the_crocodile

Skill      XL: |  1  2  3  4  5  6 |
---------------+-------------------+-----
Dodging        | 1 2 |  2.4
Shields        | 4 5 |  5.5
Maces & Flails | 3 4 |  4.3
Fighting       | 4 |  4.5
Armour         | 4 |  4.8

Action                   |  1- 3 |  4- 6 |  7- 9 || total
-------------------------+-------+-------+-------++-------
Melee: Flail             |   137 |   319 |    81 ||   537
  Eat: Chunk             |       |     8 |     2 ||    10
